Map: Sequencer LE

Players

Denver - Winner!

  • Race: Zerg Zerg
  • Spawn Location: 7:00

Majestic

  • Race: Protoss Protoss
  • Spawn Location: 1:00

Event: WCS Valencia 2017

VOD

Have the link to the VOD?

Description

Time

  • Played on: July 13, 2017, 7:27 a.m.
  • Length: 4:17

All games in this series

Show
View Real Time Build Order
Export as new Build Order

Denver Zerg - Winner!

Build Orders: Hatch First 

Get SALT Encoding   

  12  0:00  Drone  
  13  0:12  Overlord  
  13  0:17  Drone  
  14  0:31  Drone x2  
  14  0:35  Drone  
  17  0:52  Hatchery  
  17  0:56  Drone  
  17  1:01  Extractor  
  17  1:02  Drone  
  17  1:19  Spawning Pool, Drone  
  17  1:22  Drone  
  18  1:28  Drone  
  19  1:53  Hatchery  
  19  1:54  Drone  
  19  2:05  Queen  
  21  2:10  Metabolic Boost  
  21  2:13  Drone  
  22  2:17  Drone  
  23  2:26  Queen  
  25  2:31  Overlord  
  25  2:34  Zergling x2  
  26  2:37  Zergling x2  
  27  2:44  Zergling x2  
  27  2:50  Baneling Nest  
  27  2:51  Zergling x2  
  27  2:52  Zergling x2  
  27  2:56  Zergling x2  
  30  2:59  Zergling x2  
  30  3:05  Zergling x4  
  33  3:10  Zergling x2  
  33  3:11  Zergling x2  
  35  3:16  Zergling x4  
  37  3:21  Zergling x2  
  37  3:23  Zergling x2  
  39  3:29  Overlord  
  39  3:31  Zergling x2  
  40  3:40  Baneling x6  
  40  3:44  Zergling x2  
  40  3:47  Zergling x2  
  42  3:49  Baneling  
  42  3:53  Zergling x2  
  42  3:55  Zergling x2  
  44  3:58  Zergling x2  
Show
View Real Time Build Order
Export as new Build Order

Majestic Protoss 

Build Orders: 1 Gate Expand, Dark Templar Rush 

Get SALT Encoding   

  12  0:00  Probe (Chrono Boost)  
  13  0:11  Probe (Chrono Boost)  
  14  0:18  Pylon  
  14  0:22  Probe (Chrono Boost)  
  15  0:36  Probe (Chrono Boost)  
  15  0:40  Gateway  
  16  0:44  Assimilator  
  16  0:47  Probe (Chrono Boost)  
  17  0:58  Probe (Chrono Boost)  
  18  1:08  Probe (Chrono Boost)  
  19  1:19  Probe (Chrono Boost)  
  20  1:27  Nexus  
  20  1:34  Cybernetics Core  
  20  1:37  Probe (Chrono Boost)  
  21  1:41  Assimilator  
  21  1:47  Probe (Chrono Boost)  
  21  1:54  Pylon  
  22  1:58  Probe (Chrono Boost)  
  23  2:06  Pylon  
  23  2:12  Probe (Chrono Boost)  
  23  2:13  Warp Gate  
  24  2:18  Adept (Chrono Boost)  
  26  2:23  Probe  
  26  2:28  Twilight Council  
  27  2:35  Probe (Chrono Boost)  
  28  2:39  Probe (Chrono Boost)  
  29  2:46  Adept  
  29  2:47  Probe (Chrono Boost)  
  29  2:50  Probe (Chrono Boost)  
  33  2:58  Probe (Chrono Boost)  
  34  3:01  Probe (Chrono Boost)  
  34  3:03  Robotics Facility  
  35  3:12  Dark Shrine  
  35  3:13  Probe (Chrono Boost)  
  35  3:14  Probe (Chrono Boost)  
  37  3:23  Probe (Chrono Boost)  
  37  3:25  Probe (Chrono Boost)  
  37  3:26  Gateway  
  41  3:34  Mothership Core (Chrono Boost)  
  41  3:35  Probe (Chrono Boost)  
  41  3:38  Assimilator  
  42  3:46  Probe (Chrono Boost)  
  42  3:47  Gateway  
  43  3:50  Gateway  
  43  3:53  Probe (Chrono Boost)  
  44  3:55  Gateway  
  46  4:09  Pylon  
Tags
 
Add a new tag
Caveats
  • Supply blocks, unpowered buildings, or Contaminate may cause inaccurate times.
  • Supply counts are checked every 10 seconds.